Map: Catalyst LE

Players

HateMe - Winner!

  • Race: Zerg Zerg
  • Spawn Location: 11:00

Nice

  • Race: Protoss Protoss
  • Spawn Location: 5:00

Event: WCS Valencia 2018

VOD

Have the link to the VOD?

Description

Time

  • Played on: July 12, 2018, 6:39 a.m.
  • Length: 11:09

All games in this series

Show
View Real Time Build Order
Export as new Build Order

HateMe Zerg - Winner!

Build Orders: Hatch First 

Get SALT Encoding   

  12  0:01  Drone  
  13  0:12  Overlord  
  13  0:17  Drone  
  14  0:31  Drone x2  
  17  0:35  Drone  
  17  0:53  Hatchery  
  17  0:56  Drone  
  17  0:59  Drone  
  17  1:02  Extractor  
  17  1:14  Spawning Pool  
  17  1:17  Drone  
  17  1:20  Drone  
  18  1:30  Drone  
  19  1:39  Overlord  
  19  1:49  Drone  
  20  2:00  Queen  
  23  2:01  Zergling x2  
  23  2:04  Queen  
  23  2:05  Metabolic Boost  
  23  2:08  Zergling x2  
  26  2:12  Drone  
  27  2:17  Drone  
  27  2:22  Drone  
  29  2:27  Drone  
  30  2:38  Hatchery  
  29  2:44  Queen  
  29  2:48  Overlord  
  31  2:51  Drone  
  31  2:53  Drone  
  31  2:56  Drone  
  34  2:58  Drone  
  34  3:01  Drone  
  36  3:06  Overlord  
  36  3:10  Drone  
  38  3:12  Drone  
  38  3:13  Drone  
  38  3:15  Drone  
  38  3:18  Drone  
  41  3:23  Spore Crawler  
  41  3:26  Drone  
  41  3:30  Spore Crawler, Queen  
  41  3:32  Zergling x2  
  41  3:33  Zergling x2  
  44  3:41  Zergling x4  
  44  3:44  Lair  
  44  3:47  Overlord  
  44  3:48  Drone  
  47  3:49  Drone  
  47  3:51  Drone  
  49  3:59  Drone x4  
  53  4:03  Spore Crawler, Drone  
  53  4:06  Spore Crawler  
  51  4:18  Roach Warren  
  51  4:19  Drone x3  
  51  4:20  Evolution Chamber  
  51  4:22  Drone  
  54  4:28  Extractor, Overlord  
  54  4:29  Extractor  
  54  4:30  Drone x4  
  56  4:32  Drone  
  56  4:33  Drone  
  56  4:37  Overlord  
  56  4:38  Drone  
  59  4:46  Zerg Missile Weapons Level 1  
  59  4:48  Overseer  
  59  4:56  Overlord  
  59  4:58  Roach x4  
  67  5:04  Roach x2  
  71  5:09  Roach  
  71  5:10  Overlord x2  
  71  5:14  Roach x2  
  77  5:16  Roach  
  77  5:18  Roach  
  81  5:24  Overseer  
  81  5:28  Zergling x14  
  85  5:33  Overseer  
  88  5:43  Drone  
  88  5:44  Extractor, Drone x2  
  88  5:45  Drone  
  91  5:50  Hatchery  
  91  5:53  Glial Reconstitution  
  91  5:56  Overlord  
  90  6:00  Drone x3  
  93  6:11  Hydralisk Den, Drone x2  
  93  6:14  Drone x2  
  93  6:16  Overlord  
  93  6:17  Drone x2  
  97  6:19  Drone  
  97  6:25  Overlord  
  98  6:28  Roach  
  98  6:32  Roach  
  102  6:41  Roach x3  
  102  6:43  Roach  
  102  6:44  Roach x4  
  118  6:52  Muscular Augments  
  117  6:58  Overlord x2  
  117  7:00  Zerg Missile Weapons Level 2  
  116  7:07  Roach x3  
  122  7:10  Roach  
  122  7:14  Roach  
  122  7:15  Roach  
  127  7:20  Roach x2  
  127  7:21  Extractor x2  
  130  7:22  Ravager  
  130  7:24  Overlord x2  
  130  7:25  Ravager  
  130  7:27  Zergling x4  
  133  7:32  Zergling x4  
  128  7:49  Roach x4  
  128  7:50  Roach x6  
  141  7:55  Roach x2  
  141  7:57  Roach  
  142  8:03  Grooved Spines  
  142  8:05  Roach x4  
  143  8:12  Zergling x10  
  148  8:21  Hydralisk  
  148  8:22  Hydralisk x2  
  154  8:34  Overlord x2  
  153  8:42  Hatchery  
  153  8:43  Lurker Den  
  151  8:48  Drone  
  151  8:49  Drone  
  151  8:50  Overlord x2  
  151  8:53  Overseer  
  151  8:55  Pneumatized Carapace  
  153  8:57  Drone x2  
  153  8:58  Drone x2  
  153  8:59  Drone  
  158  9:06  Hydralisk  
  158  9:07  Hydralisk x2  
  164  9:11  Hydralisk  
  166  9:28  Overseer  
  142  10:06  Overlord x3, Hydralisk  
  142  10:07  Hydralisk x6  
  153  10:19  Overlord x3  
  153  10:26  Hydralisk, Overseer  
  155  10:30  Ravager x2  
  157  10:38  Hydralisk  
  157  10:40  Ravager x2  
  161  10:44  Ravager x3  
  161  10:45  Ravager x2  
Show
View Real Time Build Order
Export as new Build Order

Nice Protoss 

Build Orders: 1 Gate Expand, Archon Immortal, Zealot Archon, Dark Templar Rush 

Get SALT Encoding   

  12  0:01  Probe  
  13  0:13  Probe  
  14  0:21  Pylon  
  14  0:25  Probe  
  15  0:35  Probe  
  16  0:43  Probe  
  16  0:44  Gateway  
  17  0:52  Assimilator  
  17  0:53  Probe  
  18  1:05  Probe  
  19  1:17  Probe  
  20  1:27  Nexus  
  20  1:36  Cybernetics Core  
  20  1:37  Probe  
  21  1:45  Assimilator  
  21  1:49  Probe  
  21  1:52  Pylon  
  22  2:02  Probe  
  22  2:03  Adept  
  23  2:14  Probe  
  26  2:22  Warp Gate  
  26  2:25  Robotics Facility  
  26  2:26  Probe  
  27  2:35  Probe  
  27  2:36  Stalker, Probe  
  29  2:43  Probe  
  29  2:44  Probe  
  33  2:52  Probe  
  33  2:54  Probe  
  35  3:04  Probe  
  36  3:06  Probe  
  36  3:09  Warp Prism  
  36  3:10  Twilight Council  
  37  3:16  Probe  
  40  3:20  Probe  
  39  3:28  Probe  
  39  3:32  Probe  
  41  3:34  Gateway  
  41  3:36  Shield Battery  
  41  3:38  Sentry  
  41  3:40  Probe  
  44  3:44  Observer  
  44  3:45  Probe  
  46  3:52  Dark Shrine  
  46  3:59  Pylon  
  46  4:02  Gateway  
  46  4:03  Gateway  
  46  4:08  Pylon  
  46  4:14  Assimilator  
  46  4:16  Probe  
  46  4:17  Probe, Assimilator  
  48  4:24  Probe  
  48  4:29  Probe  
  50  4:32  Probe  
  51  4:41  Probe  
  51  4:44  Probe  
  53  4:46  Pylon  
  53  4:47  Pylon  
  53  4:54  Probe  
  53  4:56  Probe  
  55  5:05  Dark Templar x4  
  55  5:06  Probe  
  64  5:08  Probe  
  64  5:09  Immortal  
  65  5:15  Pylon  
  65  5:18  Probe  
  65  5:20  Probe  
  71  5:42  Immortal, Charge  
  71  5:45  Gateway  
  71  5:47  Gateway  
  75  5:50  Gateway x2  
  75  5:55  Zealot x3  
  81  5:59  Pylon  
  81  6:00  Pylon  
  80  6:15  Immortal  
  84  6:28  Pylon  
  84  6:30  Dark Templar x2  
  84  6:31  Sentry  
  90  6:37  Archon  
  89  6:41  Pylon  
  89  6:50  Archon x2  
  89  6:51  Zealot  
  90  6:56  Pylon  
  90  7:01  Probe  
  90  7:06  Zealot x4, Pylon  
  90  7:07  Zealot x3  
  105  7:13  Zealot  
  106  7:18  Immortal  
  110  7:30  Dark Templar x2  
  113  7:41  Zealot  
  113  7:42  Zealot x5  
  114  7:51  Immortal  
  103  8:07  Nexus  
  103  8:11  Pylon  
  103  8:12  Sentry x5  
  109  8:14  Probe  
  109  8:19  Probe  
  111  8:21  Robotics Facility  
  111  8:22  Archon  
  111  8:29  Forge, Probe  
  111  8:32  Sentry x3  
  118  8:36  Warp Prism  
  118  8:39  Probe  
  121  8:57  Probe x2  
  123  9:02  Pylon  
  123  9:05  Dark Templar x3  
  123  9:08  Dark Templar  
  123  9:09  Zealot  
  133  9:23  Immortal  
  129  9:25  Zealot x2  
  101  10:28  Nexus  
Tags
 
Add a new tag
Caveats
  • Supply blocks, unpowered buildings, or Contaminate may cause inaccurate times.
  • Supply counts are checked every 10 seconds.